 Dungeon Crawl Stone Soup version 0.22-a0-533-g4d20840e7c (webtiles) character file.

448 Niddhogr the Sneak (level 7, -16/52 HPs)
             Began as a Formicid Fighter on June 22, 2018.
             Demolished by an ogre
             ... wielding a +0 giant spiked club
              (25 damage)
             ... on level 4 of the Dungeon.
             The game lasted 00:03:58 (3100 turns).

Niddhogr the Sneak (Formicid Fighter)               Turns: 3100, Time: 00:03:58

Health: -16/52     AC:  6    Str: 20    XL:     7   Next: 24%
Magic:  7/7        EV:  7    Int:  8    God:
Gold:   126        SH:  9    Dex: 12    Spells: 6/6 levels left

rFire    . . .     SeeInvis +   a - +0 trident
rCold    . . .     Gourm    .   c - +0 shield
rNeg     . . .     Faith    .   b - +0 scale mail
rPois    .         Spirit   .   (helmet unavailable)
rElec    .         Reflect  .   (no cloak)
rCorr    .         Harm     .   (no gloves)
MR       .....                  (no boots)
Stlth    ++........             (no amulet)
HPRegen  0.17/turn              (no ring)
MPRegen  0.10/turn              (no ring)

@: no status effects
A: permanent stasis, dig shafts and tunnels, four strong arms, antennae 3
a: Dig, Shaft Self


You were on level 4 of the Dungeon.
You were not hungry.

You visited 1 branch of the dungeon, and saw 4 of its levels.

You collected 126 gold pieces.

Inventory:

Hand Weapons
 a - a +0 trident (weapon)
Armour
 b - a +0 scale mail (worn)
 c - a +0 shield (worn)
Wands
 d - a wand of flame (16)
Scrolls
 e - a scroll of noise {unknown}
Potions
 g - a potion of curing
 h - a potion of cancellation
 i - a potion of heal wounds {unknown}
 j - a potion of degeneration {unknown}
 k - a potion of brilliance {unknown}
 l - a potion of agility {unknown}
Comestibles
 f - 6 rations
 m - 2 chunks of flesh


   Skills:
 - Level 3.2 Fighting
 + Level 5.3 Polearms
 - Level 3.2 Armour
 + Level 6.3 Stealth
 - Level 3.6 Shields


You had 6 spell levels left.
You didn't know any spells.
Your spell library was empty.

Dungeon Overview and Level Annotations

Branches:
Dungeon (4/15)
 Temple: D:4-7

Altars:


Innate Abilities, Weirdness & Mutations

You cannot be hasted, slowed, berserked, paralysed or teleported.
You can dig through walls and to a lower floor.
Your four strong arms can wield two-handed weapons with a shield.
You have a pair of large antennae on your head. (SInv)


Message History

Press: ? - help, Dir - move target cursor, f/p - ogre
Aim: an ogre, wielding a giant spiked club The worker ant is in the way.
You puncture the worker ant!
You kill the worker ant!
Unknown command.
Attack whom?
Press: ? - help, Dir - move target cursor, f/p - ogre
Aim: an ogre, wielding a giant spiked club You hit the ogre.
The ogre is moderately wounded.
The ogre hits you with a giant spiked club!!
Ouch! That really hurt!
* * * LOW HITPOINT WARNING * * *
Attack whom?
Press: ? - help, Dir - move target cursor, f/p - ogre
Aim: an ogre, wielding a giant spiked club (moderately wounded)
Your shield and scale mail prevent you from hitting the ogre.
The ogre is moderately wounded.
The ogre hits you with a giant spiked club!!
You die...

#######
.......
.......
.......#######
.......aO@...#
.......#####.#
....... #.#
a...... #.#
....... #.#
....... #.# .
####.##
#.####### .
##+##
#.......# .###
##...##
#######.#


You could see an ogre and a worker ant.

Vanquished Creatures
  A wyvern zombie (D:4)
  A scorpion (D:4)
  A crimson imp (D:2)
  An orc priest (D:2)
  An orc wizard (D:2)
  Ijyb (D:3)
  A worker ant (D:4)
  A hound zombie (D:4)
  Robin (D:3)
  5 adders
  3 gnolls (D:4)
  2 worms (D:3)
  A dart slug (D:1)
  2 leopard geckos
  3 orcs
  2 ball pythons
  3 giant cockroaches
  15 goblins
  8 hobgoblins
  11 jackals (D:1)
  A quokka (D:2)
  6 bats
  3 frilled lizards
  8 kobolds
  6 rats
88 creatures vanquished.

Notes
Turn   | Place    | Note
-------+----------+-------------------------------------------
     0 | D:1      | Niddhogr the Formicid Fighter began the quest for the Orb.
     0 | D:1      | Reached XP level 1. HP: 18/18 MP: 1/1
    14 | D:1      | Reached skill level 1 in Stealth
    22 | D:1      | Reached XP level 2. HP: 23/24 MP: 2/2
   211 | D:1      | Reached skill level 2 in Stealth
   249 | D:1      | Reached XP level 3. HP: 28/29 MP: 3/3
   992 | D:2      | Reached skill level 3 in Stealth
   992 | D:2      | Reached XP level 4. HP: 34/35 MP: 4/4
  1275 | D:2      | Reached XP level 5. HP: 30/41 MP: 5/5
  1386 | D:2      | Reached skill level 4 in Stealth
  1967 | D:2      | Reached XP level 6. HP: 40/47 MP: 6/6
  2106 | D:3      | Noticed Robin
  2138 | D:3      | Killed Robin
  2138 | D:3      | Reached skill level 5 in Stealth
  2414 | D:3      | Noticed Ijyb
  2430 | D:3      | Killed Ijyb
  2946 | D:4      | Reached skill level 5 in Polearms
  2946 | D:4      | Reached skill level 6 in Stealth
  2946 | D:4      | Reached XP level 7. HP: 22/52 MP: 7/7
  3100 | D:4      | Demolished by an ogre

Vault maps used:
D:1:      minmay_arrival_shoal_huts
D:2:      serial_curves, eino_curves_02, eino_curves_02
D:3:      first_ration, uniq_ijyb, uniq_robin
D:4:      minmay_temple_entry_from_below_a, minmay_distorted, uniq_sigmund,
          uniq_edmund

Skill      XL: |  1  2  3  4  5  6 |
---------------+-------------------+-----
Stealth        | 1 2 3 4 6 |  6.3
Polearms       | 3 4 5 |  5.3
Fighting       | |  3.2
Armour         | |  3.2
Shields        | |  3.6

Action                   |  1- 3 |  4- 6 |  7- 9 || total
-------------------------+-------+-------+-------++-------
Melee: Trident           |   153 |   224 |    25 ||   402
  Use: Potion            |       |     4 |       ||     4
       Scroll            |       |     1 |       ||     1
 Stab: Sleeping          |       |     2 |       ||     2
  Eat: Chunk             |       |     7 |     1 ||     8
Armor: Scale mail        |    83 |    63 |     6 ||   152
Dodge: Dodged            |    53 |    42 |     3 ||    98
Block: Shield            |    88 |    92 |     9 ||   189

Table legend:
 A = Spawn XP
 B = Non-spawn XP
 C = Spawn XP percentage of total XP
 D = Spawn monster count
 E = Non-spawn monster count
 F = Spawn count percentage of total count
 G = Total turns spent on level
                    A         B        C        D         E        F      G
               +---------+---------+-------+---------+---------+-------+---------
         Total |       0 |     640 |   0.0 |       0 |      88 |   0.0 |  3100
               +---------+---------+-------+---------+---------+-------+---------
           D:1 |       0 |      55 |   0.0 |       0 |      30 |   0.0 |   905
           D:2 |       0 |     216 |   0.0 |       0 |      25 |   0.0 |  1114
           D:3 |       0 |     114 |   0.0 |       0 |      25 |   0.0 |   736
           D:4 |       0 |     255 |   0.0 |       0 |       8 |   0.0 |   345
               +---------+---------+-------+---------+---------+-------+---------
